Map: Echo LE (Void)

Players

kes

  • Race: Zerg Zerg
  • League: Grandmaster

Walnut - Winner!

  • Race: Protoss Protoss
  • League: Grandmaster

VOD

Have the link to the VOD?

Description

Time

  • Played on: June 12, 2015, 11:50 a.m.
  • Length: 16:01
Show
View Real Time Build Order
Export as new Build Order

kes Zerg 

Build Orders: Hatch First, Lurkers 

Get SALT Encoding   

  12  0:08  Overlord  
  13  0:14  Drone  
  13  0:29  Drone  
  13  0:30  Drone  
  15  0:38  Drone  
  16  0:55  Hatchery  
  15  1:00  Drone x2  
  17  1:12  Extractor  
  16  1:20  Drone  
  16  1:21  Spawning Pool  
  16  1:32  Drone x2  
  18  1:45  Overlord  
  18  1:52  Drone  
  19  2:10  Queen x2  
  19  2:13  Drone x2  
  25  2:17  Drone  
  26  2:30  Roach Warren  
  25  2:46  Zergling x8  
  25  2:47  Zergling x2  
  29  2:57  Drone  
  30  3:00  Metabolic Boost  
  30  3:04  Overlord  
  30  3:10  Drone x2  
  32  3:15  Overlord  
  32  3:21  Drone x2  
  34  3:27  Extractor  
  33  3:39  Drone x4  
  33  3:40  Drone x2  
  39  3:41  Drone  
  39  3:44  Drone  
  41  4:07  Roach  
  41  4:08  Roach x4  
  51  4:16  Spore Crawler  
  49  4:18  Spore Crawler  
  49  4:19  Lair  
  49  4:21  Drone x3  
  51  4:42  Drone x2  
  51  4:45  Hatchery  
  50  4:48  Drone  
  51  4:54  Overlord x2  
  51  5:04  Extractor  
  50  5:11  Queen  
  38  5:37  Hydralisk Den, Glial Reconstitution  
  38  5:40  Roach x12  
  61  5:43  Drone x2  
  61  5:46  Drone  
  61  5:48  Drone  
  65  5:53  Overseer  
  65  5:59  Drone x3  
  65  6:00  Drone x2  
  65  6:02  Drone  
  71  6:10  Lurker Den  
  71  6:20  Drone x2  
  71  6:21  Drone  
  71  6:22  Overlord x3  
  74  6:31  Extractor  
  69  6:53  Zergling x32  
  85  6:54  Zergling x2  
  78  7:16  Drone x8  
  85  7:34  Hydralisk x6  
  85  7:35  Hydralisk x3  
  93  7:38  Extractor  
  93  7:40  Extractor  
  88  7:50  Drone x4  
  88  7:51  Drone x4  
  85  8:04  Lurker x4  
  89  8:09  Overlord x4  
  89  8:27  Lurker  
  89  8:28  Lurker x3  
  89  8:30  Zergling x20  
  89  8:31  Zergling x6  
  89  8:32  Zergling x2  
  107  8:35  Drone  
  107  8:40  Spore Crawler  
  107  8:41  Drone  
  108  8:47  Roach  
  108  8:48  Roach  
  112  8:49  Overlord x2  
  112  8:50  Overlord  
  112  8:51  Overlord  
  112  9:04  Drone  
  112  9:08  Drone x6  
  119  9:10  Hydralisk x4  
  127  9:18  Roach  
  127  9:19  Roach x8  
  124  10:15  Hydralisk  
  124  10:16  Hydralisk x10  
  109  10:48  Spire  
  108  11:03  Hydralisk x5  
  108  11:04  Hydralisk x14  
  130  11:23  Hatchery  
  129  11:27  Zergling x14  
  119  11:47  Lurker  
  119  11:48  Lurker x4  
  119  11:49  Lurker  
  119  11:50  Zergling x26  
  135  11:54  Hatchery  
  135  12:01  Muscular Augments  
  134  12:04  Evolution Chamber  
  134  12:05  Zergling x2  
  134  12:06  Zergling x8  
  138  12:21  Drone  
  138  12:32  Zergling x14  
  138  12:35  Overlord x4  
  138  12:36  Corruptor x3  
  150  12:52  Corruptor x2  
  150  12:53  Corruptor  
  150  12:54  Overlord x2  
  150  12:58  Zergling x10  
  138  13:22  Corruptor  
  138  13:23  Corruptor x6  
  149  13:36  Roach  
  149  13:37  Roach x7  
  164  13:48  Drone x4  
  161  13:49  Drone x4  
  164  14:01  Hydralisk x3  
  164  14:02  Hydralisk x2  
  174  14:05  Hatchery  
  173  14:10  Drone  
  173  14:13  Drone x5, Extractor x2  
  173  14:14  Spore Crawler  
  176  14:23  Extractor  
  172  14:28  Extractor  
  142  14:45  Roach x6  
  119  14:46  Roach x8  
  133  14:59  Lurker x4  
  135  15:02  Zergling x14  
  135  15:04  Zergling x2  
  141  15:15  Hydralisk  
  141  15:16  Hydralisk x5  
  141  15:17  Hydralisk  
  134  15:43  Drone x3  
Show
View Real Time Build Order
Export as new Build Order

Walnut Protoss - Winner!

Build Orders: Oracle Opening, Oracle Opening 

Get SALT Encoding   

  12  0:01  Probe  
  13  0:13  Pylon  
  13  0:17  Probe  
  14  0:31  Probe (Chrono Boost)  
  14  0:33  Gateway  
  15  0:41  Probe (Chrono Boost)  
  16  0:44  Assimilator  
  16  0:48  Probe  
  17  1:00  Probe (Chrono Boost)  
  18  1:05  Forge  
  18  1:12  Probe (Chrono Boost)  
  19  1:20  Probe (Chrono Boost)  
  19  1:22  Cybernetics Core  
  20  1:26  Assimilator  
  20  1:29  Probe  
  21  1:36  Pylon  
  21  1:46  Protoss Ground Weapons Level 1 (Chrono Boost)  
  21  1:53  Probe  
  22  1:58  Warp Gate  
  22  2:03  Adept (Chrono Boost)  
  24  2:25  Nexus  
  24  2:31  Mothership Core  
  26  2:46  Pylon  
  26  2:50  Stargate  
  26  3:05  Gateway  
  26  3:07  Gateway  
  26  3:11  Probe (Chrono Boost)  
  27  3:21  Pylon  
  27  3:22  Probe (Chrono Boost)  
  28  3:28  Probe (Chrono Boost)  
  29  3:36  Oracle (Chrono Boost)  
  33  3:42  Probe (Chrono Boost)  
  33  3:49  Probe (Chrono Boost)  
  35  3:57  Probe (Chrono Boost)  
  35  3:58  Probe (Chrono Boost)  
  36  4:04  Sentry, Probe  
  36  4:05  Oracle  
  36  4:06  Probe  
  43  4:16  Probe  
  44  4:18  Probe, Photon Cannon  
  45  4:27  Twilight Council  
  45  4:28  Probe  
  45  4:30  Probe  
  47  4:42  Stalker  
  47  4:43  Adept x2  
  47  4:45  Probe x2 (Chrono Boost)  
  55  4:52  Assimilator  
  55  4:54  Probe (Chrono Boost)  
  55  4:55  Probe (Chrono Boost)  
  57  5:01  Probe  
  57  5:02  Probe  
  57  5:03  Assimilator  
  59  5:09  Pylon  
  57  5:24  Stalker  
  57  5:25  Stalker  
  57  5:26  Stalker  
  59  5:38  Probe (Chrono Boost)  
  59  5:39  Probe (Chrono Boost)  
  59  5:40  Shield Upgrade  
  61  5:50  Protoss Ground Weapons Level 2 (Chrono Boost)  
  61  5:51  Probe x2 (Chrono Boost)  
  63  5:59  Probe x2 (Chrono Boost)  
  65  6:10  Robotics Facility  
  65  6:13  Sentry, Pylon  
  65  6:16  Pylon x2  
  65  6:17  Pylon  
  67  6:35  Adept x2  
  69  6:49  Nexus  
  69  6:54  Adept  
  69  6:56  Stalker x2  
  73  7:18  Photon Cannon  
  73  7:19  Gateway x2  
  73  7:24  Phoenix (Chrono Boost)  
  73  7:27  Adept x2  
  79  7:32  Stalker  
  59  7:49  Protoss Ground Weapons Level 3 (Chrono Boost)  
  56  7:52  Stalker x2  
  60  8:04  Immortal  
  60  8:05  Fleet Beacon  
  64  8:07  Stalker  
  66  8:16  Void Ray (Chrono Boost)  
  66  8:19  Blink (Chrono Boost)  
  70  8:20  Adept x3  
  70  8:21  Adept  
  70  8:23  Probe x2 (Chrono Boost)  
  70  8:25  Probe (Chrono Boost)  
  84  8:34  Probe x2 (Chrono Boost)  
  84  8:35  Probe (Chrono Boost), Adept  
  84  8:40  Probe (Chrono Boost)  
  87  8:54  Observer (Chrono Boost)  
  88  8:57  Tempest (Chrono Boost)  
  88  8:58  Probe x2  
  88  9:01  Assimilator x2  
  94  9:08  Sentry x2  
  94  9:09  Zealot x3  
  104  9:16  Gateway  
  104  9:18  Gateway  
  104  9:20  Immortal (Chrono Boost)  
  104  9:22  Gateway  
  108  9:59  Stalker  
  108  10:00  Stalker  
  108  10:01  Adept x3  
  94  10:23  Stalker x5  
  78  10:49  Stalker x2  
  82  10:50  Stalker x3  
  80  11:09  Tempest (Chrono Boost)  
  88  11:11  Immortal (Chrono Boost)  
  88  11:14  Protoss Ground Armor Level 1 (Chrono Boost)  
  84  11:24  Adept  
  84  11:25  Adept x4  
  90  11:48  Tempest (Chrono Boost)  
  90  11:53  Immortal  
  98  12:02  Adept  
  98  12:03  Stalker x2, Adept x2  
  108  12:10  Nexus  
  108  12:12  Pylon  
  108  12:14  Pylon  
  108  12:16  Protoss Air Weapons Level 1 (Chrono Boost)  
  108  12:18  Stalker x3  
  114  12:30  Tempest  
  114  12:35  Gateway  
  114  12:36  Gateway  
  118  12:38  Gateway  
  118  12:41  Gateway  
  118  12:43  Photon Cannon  
  118  12:46  Photon Cannon  
  118  12:52  Adept x5  
  118  12:53  Adept  
  118  12:57  Pylon  
  130  13:03  Pylon  
  130  13:05  Pylon  
  130  13:07  Pylon  
  130  13:12  Tempest (Chrono Boost)  
  124  13:27  Stargate  
  124  13:32  Robotics Facility  
  124  13:39  Adept x4  
  124  13:40  Adept  
  134  13:42  Adept x3  
  137  13:59  Photon Cannon  
  137  14:07  Assimilator  
  137  14:08  Assimilator  
  137  14:14  Templar Archives  
  137  14:21  Zealot x5  
  137  14:22  Zealot x2  
  143  14:37  Stalker x4  
  131  14:42  Stalker  
  131  14:43  Stalker  
  119  14:45  Sentry  
  121  15:13  Observer  
  122  15:16  High Templar x2  
  122  15:17  High Templar x4  
  122  15:18  High Templar x2  
  122  15:20  Stalker x4  
  146  15:22  Archon x3  
  146  15:23  Archon  
Tags
 
Add a new tag
Caveats
  • Supply blocks, unpowered buildings, or Contaminate may cause inaccurate times.
  • Supply counts are checked every 10 seconds.